 Dungeon Crawl Stone Soup version 0.26-a0-652-gafc20e3620 (webtiles) character file.

Game seed: 13478829387190893235

1717 reriks the Covered (level 9, 64/64 HPs)
             Began as a Formicid Earth Elementalist on Oct 2, 2020.
             Was a Believer of Okawaru.
             Quit the game on level 6 of the Dungeon.
             The game lasted 00:18:50 (8380 turns).

reriks the Covered (Formicid Earth Elementalist)    Turns: 8380, Time: 00:18:50

Health: 64/64      AC:  5    Str: 13    XL:     9   Next: 24%
Magic:  14/14      EV: 17    Int: 18    God:    Okawaru [**....]
Gold:   421        SH:  0    Dex: 11    Spells: 11/17 levels left

rFire    . . .     SeeInvis +   (no weapon)
rCold    . . .     Faith    .   (no shield)
rNeg     . . .     Spirit   .   c - +1 robe
rPois    +         Reflect  .   (helmet unavailable)
rElec    .         Harm     .   j - +1 cloak {rPois}
rCorr    .         Rampage  .   (no gloves)
MR       +....                  (no boots)
Stlth    +++.......             (no amulet)
HPRegen  0.20/turn              h - ring of protection from magic
MPRegen  0.14/turn              k - +4 ring of evasion

@: studying Armour
A: permanent stasis, dig shafts and tunnels, four strong arms, antennae 3, low
mp 1
a: Dig, Shaft Self, Heroism, Renounce Religion


You were on level 6 of the Dungeon.
You worshipped Okawaru.
Okawaru was pleased with you.
You visited 1 branch of the dungeon, and saw 6 of its levels.
You also visited: Sewer.

You collected 421 gold pieces.

Inventory:

Hand Weapons
 e - a +1 dagger
 g - a +0 mace
Missiles
 r - 68 stones (quivered)
Armour
 c - a +1 robe (worn)
 j - a +1 cloak of poison resistance (worn)
 s - +0 steam dragon scales
Jewellery
 h - a ring of protection from magic (left hand)
 k - a +4 ring of evasion (right hand)
 v - an uncursed ring of protection from fire
Wands
 m - a wand of polymorph (22)
 q - a wand of random effects (8)
 w - a wand of acid (8)
Scrolls
 a - 7 scrolls of teleportation
 b - a scroll of remove curse
 i - 3 scrolls of enchant weapon
 n - a scroll of enchant armour
Potions
 d - 4 potions of curing
 f - a potion of ambrosia {unknown}
 l - 2 potions of brilliance {unknown}
 o - 2 potions of heal wounds {unknown}
 p - a potion of flight {unknown}
 u - a potion of invisibility {unknown}
Books
 t - a manual of Armour


   Skills:
 + Level 3.6 Fighting
 + Level 3.2 Maces & Flails
 * Level 6.6 Armour
 + Level 4.3 Dodging
 - Level 6.0 Stealth
 + Level 4.7 Spellcasting
 - Level 1.1 Transmutations
 + Level 6.4 Earth Magic


You had 11 spell levels left.
You knew the following spells:

 Your Spells              Type           Power        Failure   Level
a - Sandblast             Erth           ####..       1%          1
b - Passwall              Tmut/Erth      ###.....     4%          2
c - Stone Arrow           Conj/Erth      ###...       11%         3

Your spell library contained the following spells:

 Spells                   Type           Power        Failure   Level
 Lee's Rapid Deconstruct  Erth           ####......   26%         5
 Petrify                  Tmut/Erth      ###.....     28%         4


Dungeon Overview and Level Annotations

Branches:
Dungeon (6/15)              Sewer (visited)
 Temple: D:4-7

Altars:
Cheibriados
Fedhas
Kikubaaqudgha
Makhleb
Okawaru
Qazlal

Annotations:
D:2 1 exclusion
D:5 Edmund


Innate Abilities, Weirdness & Mutations

You cannot be hasted, slowed, berserked, paralysed or teleported.
You can dig through walls and to a lower floor.
Your four strong arms can wield two-handed weapons with a shield.
You have a pair of large antennae on your head. (SInv)
Your magical capacity is low. (-10% MP)


Message History

You feel as if something is helping you.
Drop what? 24/52 slots (_ for help) (? for menu, Esc to quit)
Really unwield
x - the +1 dagger of Fundamental Breach {antimagic, *Contam *Corrode rElec Dex+6}?
Mutagenic energies flood into your body!
You are contaminated with residual magic.
You feel magic returning to you.
You are now empty-handed.
You drop the +1 dagger of Fundamental Breach {antimagic, *Contam *Corrode rElec Dex+6}.
Okay, then.
Okay, then.
You start resting.
Your body shudders with the violent release of wild energies!
You feel less energetic.
You feel less contaminated with magical energies.
You start resting.
Magic restored.
You start waiting.
Your magical contamination has completely faded away.
You start waiting.
Done waiting.
Are you sure you want to abandon this character and quit the game? (Confirm with "yes".)

#.# ####.##..#
#.###....#<..#
##..##.####...#
#....#.# #.........
#.#..#.# #.##.#.###
#.##.#.# #. .#.#
#.##...# ## ## # {
#.##...######## {
#####.###..@....).#
#.....# ##..#...#.# {
#.########..#.....# #.#
#.....#...###
#.#####.#...#...# ..
#.##....#.#.#...###...
#.
#.##.#....#.#..ยง.o..#{
..
#.##.#.####..#{#.#..#
.# #.##.#.......#.#.#


There were no monsters in sight!

Vanquished Creatures
  A steam dragon (D:5)
  A black bear (D:6)
  3 sky beasts (D:5)
  An ice beast (D:5)
  A centaur (D:6)
  4 bullfrogs
  2 scorpions
  A howler monkey (D:6)
  A bullfrog zombie (D:6)
  A quasit (D:6)
  3 hounds
  2 jellies (D:6)
  2 orc wizards
  2 orc priests (D:6)
  2 bullfrog skeletons (D:6)
  3 worker ants (D:5)
  Terence (D:2)
  A worker ant zombie (D:6)
  4 adders
  4 gnolls
  A shadow imp (D:5)
  2 adder zombies (D:5)
  An adder skeleton (D:6)
  A worm (D:2)
  A dart slug (D:4)
  4 leopard geckos
  12 orcs
  14 giant cockroaches
  9 goblins
  2 hobgoblins
  2 quokkas
  4 ball pythons
  2 bats (D:3)
  9 frilled lizards
  3 kobolds
  4 rats (D:1)
111 creatures vanquished.

Vanquished Creatures (others)
  An orc wizard (D:5)
  An orc (D:5)
2 creatures vanquished.

Grand Total: 113 creatures vanquished

Notes
Turn   | Place    | Note
-------+----------+-------------------------------------------
     0 | D:1      | reriks the Formicid Earth Elementalist began the quest for
                  | the Orb.
     0 | D:1      | Reached XP level 1. HP: 13/13 MP: 3/3
   369 | D:1      | Reached XP level 2. HP: 19/19 MP: 1/5
  1271 | D:2      | Reached XP level 3. HP: 24/24 MP: 3/6
  1408 | D:2      | Learned a level 2 spell: Passwall
  1412 | D:2      | Learned a level 3 spell: Stone Arrow
  1491 | D:2      | Found a burning altar of Makhleb.
  1553 | D:2      | Reached skill level 1 in Armour
  1553 | D:2      | Reached XP level 4. HP: 30/30 MP: 3/8
  1690 | D:2      | Noticed Terence
  1696 | D:2      | Killed Terence
  2420 | D:3      | Reached XP level 5. HP: 35/35 MP: 7/9
  2447 | D:3      | Found a glowing drain.
  2474 | Sewer    | Entered a sewer
  2916 | Sewer    | Noticed a bullfrog
  2920 | Sewer    | Killed a bullfrog
  2920 | Sewer    | Reached XP level 6. HP: 33/41 MP: 6/10
  3256 | D:3      | Found an iron altar of Okawaru.
  3268 | D:3      | Became a worshipper of Warmaster Okawaru
  4230 | D:4      | Found a snail-covered altar of Cheibriados.
  4505 | D:5      | Entered Level 5 of the Dungeon
  4507 | D:5      | Noticed a sky beast
  4515 | D:5      | Reached skill level 5 in Earth Magic
  4522 | D:5      | Killed a sky beast
  4522 | D:5      | Reached skill level 1 in Fighting
  4522 | D:5      | Reached skill level 1 in Maces & Flails
  4522 | D:5      | Reached XP level 7. HP: 34/48 MP: 2/12
  4643 | D:5      | Found a blossoming altar of Fedhas.
  4864 | D:5      | Noticed a steam dragon
  4866 | D:5      | Reached * piety under Okawaru
  4873 | D:5      | Reached skill level 5 in Stealth
  4873 | D:5      | Reached XP level 8. HP: 38/56 MP: 2/13
  5361 | D:5      | Noticed Edmund
  6110 | D:5      | Reached skill level 5 in Armour
  6400 | D:6      | Reached ** piety under Okawaru
  7187 | D:5      | Found an ancient bone altar of Kikubaaqudgha.
  7206 | D:5      | Found a stormy altar of Qazlal.
  7483 | D:6      | Reached XP level 9. HP: 53/64 MP: 8/15
  8200 | D:6      | Got a warped dagger
  8201 | D:6      | Identified the cursed +1 dagger of Fundamental Breach
                  | {antimagic, *Contam *Corrode rElec Dex+6} (You found it on
                  | level 6 of the Dungeon)
  8212 | D:6      | Gained mutation: Your magical capacity is low. (-10% MP)
                  | [mutagenic glow]
  8380 | D:6      | Quit the game

Illustrated notes

Levels and vault maps discovered:
D:1:      roderic_crop_circles_arrival_large, layout_basic
D:2:      layout_basic, makhleb_blood_cavern_becter, uniq_crazy_yiuf_cottage,
          uniq_terence
D:3:      layout_basic, okawaru_trees_1, portal_sewer_entry_d
D:4:      layout_loops_ring, cheibriados_altar_1
D:5:      layout_loops_cross, nicolae_overflow_crystal_walls, fedhas_altar_1,
          lemuel_crystal_altar, minmay_manual_mail, uniq_edmund
D:6:      layout_basic, old_standard_altar, minmay_temple_entry_large_hall

Skill      XL: |  1  2  3  4  5  6  7  8  9 |
---------------+----------------------------+-----
Earth Magic    | 4 5 6 |  6.4
Dodging        | 2 3 4 |  4.3
Armour         | 1 2 3 5 6 |  6.6
Stealth        | 3 4 5 6 |  6.0
Spellcasting   | 3 4 |  4.7
Fighting       | 1 2 3 |  3.6
Maces & Flails | 1 3 |  3.2
Transmutations | |  1.1

Action                   |  1- 3 |  4- 6 |  7- 9 || total
-------------------------+-------+-------+-------++-------
Melee: Dagger            |     7 |       |       ||     7
       Mace              |       |     2 |    45 ||    47
 Cast: Sandblast         |    31 |    81 |    94 ||   206
       Stone Arrow       |       |       |    51 ||    51
 Abil: Dig               |     1 |       |     1 ||     2
Evoke: Wand              |       |       |     2 ||     2
  Use: Scroll            |       |     7 |     3 ||    10
Armor: Robe              |       |     7 |    22 ||    29
Dodge: Dodged            |     9 |    26 |   116 ||   151

Table legend: (Time is in decaauts)
 A = Elapsed time spent in this place.
 B = Non-inter-level travel time spent in this place.
 C = Inter-level travel time spent in this place.
 D = Time resting spent in this place.
 E = Time spent auto-exploring this place.
 F = Levels seen in this place.
 G = Mean time per level.
                   A        B        C        D        E       F      G
               +--------+--------+--------+--------+--------+-----+--------+
         Total |   8485 |   8102 |    383 |   3548 |   3169 |   7 | 1212.1 |
       Dungeon |   7679 |   7296 |    383 |   3220 |   2803 |   6 | 1279.8 |
         Sewer |    805 |    805 |      0 |    328 |    365 |   1 |  805.0 |
               +--------+--------+--------+--------+--------+-----+--------+

Top non-repeatable levels by time:
     D:5: 2321 daAuts
     D:6: 1257 daAuts
     D:2: 1178 daAuts
     D:1: 1120 daAuts
     D:4: 1098 daAuts
   Sewer: 805 daAuts
     D:3: 703 daAuts
